 Dungeon Crawl Stone Soup version 0.29.1-2-gbd0b4ee654 (webtiles) character file.

Game seed: 17740422118685944211

5109 p0werm0de the Thaumaturge (level 10, -11/50 HPs)
             Began as a Tengu Ice Elementalist on Nov 25, 2022.
             Was a Believer of Cheibriados.
             Mangled by a two-headed ogre
             ... wielding a +0 giant spiked club
              (15 damage)
             ... on level 9 of the Dungeon.
             The game lasted 00:12:07 (6992 turns).

p0werm0de the Thaumaturge (Tengu Ice Elementalist)  Turns: 6992, Time: 00:12:08

Health: -11/50     AC: 12    Str: 19    XL:     10   Next: 57%
Magic:  31/36      EV: 15    Int: 26    God:    Cheibriados [**....]
Gold:   270        SH:  0    Dex: 20    Spells: 27/34 levels left

rFire   . . .      SeeInvis .   h - +0 dagger (venom)
rCold   . . .      Faith    .   (no shield)
rNeg    . . .      Spirit   .   G - +1 leather armour of Nirejom {rPois MP+9 Str+4}
rPois   +          Reflect  .   (helmet restricted)
rElec   .          Harm     .   i - scarf {+Inv}
rCorr   .          Rampage  .   c - +0 pair of gloves
Will    .....                   (boots unavailable)
Stlth   ++........              (no amulet)
HPRegen 0.16/turn               j - ring of wizardry
MPRegen 0.25/turn               (no ring)

@: ice-armoured, freezing walls, flying quickly and evasively, very slow
A: beak, talons 3, nimble flight
a: Renounce Religion, Evoke Invisibility, Bend Time


You were on level 9 of the Dungeon.
You worshipped Cheibriados.
Cheibriados was pleased with you.
You visited 2 branches of the dungeon, and saw 10 of its levels.

You collected 296 gold pieces.
You spent 26 gold pieces at shops.

Inventory:

Hand Weapons
 h - a +0 dagger of venom (weapon)
   (You found it on level 1 of the Dungeon)
 o - a +3 flail
   (You took it off a gnoll on level 3 of the Dungeon)
 y - a +0 dagger of speed
   (You took it off an orc on level 5 of the Dungeon)
 C - a +0 halberd
   (You took it off a gnoll on level 6 of the Dungeon)
 D - a +3 scimitar
   (You took it off a wight on level 7 of the Dungeon)
 J - a +4 scimitar
   (You took it off a wight on level 7 of the Dungeon)
 K - a +2 whip of freezing
   (You took it off Pikel on level 5 of the Dungeon)
 M - a +2 broad axe of freezing
   (You took it off Maggie on level 8 of the Dungeon)
Missiles
 A - 7 boomerangs
 H - 5 poisoned darts
Armour
 c - a +0 pair of gloves (worn)
   (You found it on level 8 of the Dungeon)
 g - a +0 buckler
   (You found it on level 3 of the Dungeon)
 i - a scarf of invisibility (worn)
   (You found it on level 4 of the Dungeon)
 u - a +0 robe of willpower
   (You found it on level 6 of the Dungeon)
 E - a +0 cloak
   (You took it off Crazy Yiuf on level 6 of the Dungeon)
 G - the +1 leather armour of Nirejom (worn) {rPois MP+9 Str+4}
   (You took it off a hobgoblin on level 2 of the Dungeon)

   Str:       It affects your strength (+4).
   rPois:     It protects you from poison.
   MP:        It affects your magic capacity (+9).
 N - +0 acid dragon scales
   (You took it off Maggie on level 8 of the Dungeon)
Magical Staves
 F - a staff of death
   (You found it on level 7 of the Dungeon)
Jewellery
 j - a ring of wizardry (left hand)
   (You found it on level 1 of the Dungeon)
 k - a ring of resist corrosion
   (You found it on level 7 of the Dungeon)
 l - an amulet of magic regeneration
   (You found it on level 4 of the Dungeon)
 m - an amulet of guardian spirit
   (You found it on level 2 of the Dungeon)
 L - a +6 ring of strength
   (You found it on level 8 of the Dungeon)
Wands
 v - a wand of digging (3)
   (You took it off Edmund on level 5 of the Dungeon)
 I - a wand of paralysis (3)
   (You found it on level 8 of the Dungeon)
Scrolls
 d - a scroll of immolation
 p - 2 scrolls of summoning
 s - 4 scrolls of enchant armour
 t - 4 scrolls of teleportation
 z - 3 scrolls of blinking
 B - 3 scrolls of fear
 O - 2 scrolls of vulnerability
Potions
 a - 2 potions of attraction
 b - a potion of magic
 e - 2 potions of mutation
 n - a potion of resistance
 q - a potion of curing
 w - a potion of heal wounds


   Skills:
 - Level 2.1 Dodging
 - Level 2.0 Stealth
 * Level 12.8 Spellcasting
 - Level 7.0 Ice Magic


You had 27 spell levels left.
You knew the following spells:

 Your Spells              Type           Power      Damage    Failure   Level
d - Freeze                Ice            100%       1d11      1%          1
q - Ozocubu's Armour      Ice            52%        N/A       1%          3
x - Frozen Ramparts       Ice            100%       1d16      1%          3

Your spell library contained the following spells:

 Spells                   Type           Power      Damage    Failure   Level
 Static Discharge         Conj/Air       16%        3-5/arc   2%          2
 Gell's Gravitas          Tloc           16%        N/A       4%          3
 Lesser Beckoning         Tloc           16%        N/A       4%          3
 Portal Projectile        Hex/Tloc       32%        N/A       4%          3
 Teleport Other           Tloc           16%        N/A       4%          3
 Tukima's Dance           Hex            16%        N/A       4%          3
 Hailstorm                Conj/Ice       34%        3d9       4%          4
 Corpse Rot               Necr/Pois/Air  16%        N/A       16%         4
 Dispel Undead            Necr           16%        3d10      16%         4
 Sticky Flame             Conj/Fire      16%        2d4       16%         4
 Blade Hands              Tmut           8%         N/A       41%         5
 Death Channel            Necr           8%         N/A       91%         6


Dungeon Overview and Level Annotations

Branches:
Dungeon (9/15)             Temple (1/1) D:6
   Lair: D:8-11         Orc: D:9-12

Altars:
Cheibriados
Fedhas
Hepliaklqana
Kikubaaqudgha
Nemelex Xobeh
Qazlal
Ru
Sif Muna
Xom
The Shining One

Shops:
D:1 !*

Annotations:
D:8 2 transporters, Firos's ghost, novice DEFE


Innate Abilities, Weirdness & Mutations

You have a beak for a mouth.
You have claws for feet.
Your magical nature lets you fly swiftly and evasively.


Message History

The wall freezes the orc.
You kill the orc!
Cheibriados thoroughly appreciates the change of pace.
Cheibriados raises the support of your attributes as your movement slows.
The wall freezes the orc warrior!
The orc warrior closely misses you.
Aiming: Fastroot
Press: ? - help, Shift-Dir - straight line, f - orc warrior
Aim: an orc warrior, wielding a +0 halberd and wearing a +0 chain mail (severely wounded)
The roots erupt in riotous growth!
Roots grab the orc warrior.
Roots grab the two-headed ogre.
The now-empty wand crumbles to dust.
The grasping roots constrict the two-headed ogre.
The grasping roots constrict the orc warrior.
The wall freezes the orc warrior.
The orc warrior barely misses you.
The wall freezes the two-headed ogre!
The two-headed ogre struggles to escape constriction.
The grasping roots constrict the two-headed ogre.
The grasping roots constrict the orc warrior!
You kill the orc warrior!
Cheibriados appreciates the change of pace.
The wall freezes the two-headed ogre!
The two-headed ogre escapes!
Aiming: Paralyse
Press: ? - help, Shift-Dir - straight line, f - two-headed ogre
Aim: a two-headed ogre, wielding two +0 giant spiked clubs (moderately wounded, chance to affect: 31%)
The two-headed ogre easily resists.
The wall freezes the two-headed ogre!
Aiming: Paralyse
Press: ? - help, Shift-Dir - straight line, f/p - two-headed ogre
Aim: a two-headed ogre, wielding two +0 giant spiked clubs (heavily wounded, chance to affect: 31%)
The two-headed ogre easily resists.
The wall freezes the two-headed ogre!
The two-headed ogre misses you.
The two-headed ogre hits you with a +0 giant spiked club!!
Ouch! That really hurt!
* * * LOW HITPOINT WARNING * * *
You hit the two-headed ogre.
The two-headed ogre is poisoned.
You claw the two-headed ogre.
The two-headed ogre is severely wounded.
The wall freezes the two-headed ogre but does no damage.
The two-headed ogre completely misses you.
The two-headed ogre hits you with a +0 giant spiked club!
You die...

...#.... #.###.
.####...... #.....
..)....... #####.
.$....#..###
##......
[..........##
....#####
............# ###.
.........)))######..
......#####O.....#.#
##### ##@....#.###
#.....'...#
#.....#...#
#.....#>..#
#.....#...#
#######.### #)# #.#
#.#


You could see a two-headed ogre (very poisoned).

Vanquished Creatures
  Pikel (D:5)
  Maggie (D:8)
  2 wyverns
  6 yaks (D:7)
  3 steam dragons
  Edmund (D:5)
  An acid dragon (D:8)
  A water moccasin (D:3)
  2 orc warriors (D:9)
  3 ogres
  3 centaurs
  2 lemures (D:5)
  Blork the orc (D:6)
  3 bullfrogs
  2 necrophages
  2 gnoll sergeants
  4 scorpions
  3 wights (D:7)
  3 hounds
  3 jellies
  2 orc priests
  A gnoll bouda (D:7)
  Crazy Yiuf (D:6)
  An iguana (D:6)
  9 orc wizards
  17 gnolls
  5 adders
  A shadow imp (D:6)
  2 dart slugs
  29 orcs
  3 endoplasms
  A giant cockroach (D:1)
  12 goblins
  7 hobgoblins
  11 jackals
  4 quokkas
  3 ball pythons
  5 bats
  2 frilled lizards
  3 kobolds
  3 rats
169 creatures vanquished.

Vanquished Creatures (others)
  A gnoll (D:8)
1 creature vanquished.

Grand Total: 170 creatures vanquished

Notes
Turn   | Place    | Note
-------+----------+-------------------------------------------
     0 | D:1      | p0werm0de the Tengu Ice Elementalist began the quest for
                  | the Orb.
     0 | D:1      | Reached XP level 1. HP: 10/10 MP: 4/4
   241 | D:1      | Found Nav Tosh's Distillery.
   262 | D:1      | Reached XP level 2. HP: 4/15 MP: 1/6
   544 | D:1      | Found Latuoreriu's Weapon Boutique.
   786 | D:1      | Found Iteucum's Assorted Antiques.
  1047 | D:1      | Reached XP level 3. HP: 19/19 MP: 7/7
  1462 | D:2      | Identified the +1 leather armour of Nirejom {rPois MP+9
                  | Str+4}
  1505 | D:1      | Bought a scroll labelled GAUNLA QAOWIO for 26 gold pieces
  1576 | D:2      | Reached skill level 3 in Spellcasting
  1755 | D:3      | Learned a level 3 spell: Frozen Ramparts
  1759 | D:3      | Learned a level 3 spell: Ozocubu's Armour
  1787 | D:3      | Reached XP level 4. HP: 24/24 MP: 9/9
  1924 | D:3      | Noticed a water moccasin
  1935 | D:3      | Killed a water moccasin
  1936 | D:3      | Reached skill level 5 in Ice Magic
  1936 | D:3      | Gained mutation: Your magical nature lets you fly swiftly
                  | and evasively. [Tengu growth]
  1936 | D:3      | Reached XP level 5. HP: 9/28 MP: 11/11
  1977 | D:3      | Reached skill level 4 in Spellcasting
  2008 | D:4      | Noticed an ogre
  2022 | D:4      | Reached XP level 6. HP: 26/32 MP: 13/13
  2136 | D:4      | Reached XP level 7. HP: 32/36 MP: 15/15
  2234 | D:3      | Reached skill level 5 in Spellcasting
  2454 | D:5      | Entered Level 5 of the Dungeon
  2683 | D:5      | Noticed Pikel
  2702 | D:5      | Killed Pikel
  2703 | D:5      | Reached skill level 7 in Spellcasting
  2703 | D:5      | Reached XP level 8. HP: 25/41 MP: 19/20
  3265 | D:5      | Noticed Edmund
  3276 | D:5      | Killed Edmund
  3277 | D:5      | Reached skill level 8 in Spellcasting
  3305 | D:6      | Found a staircase to the Ecumenical Temple.
  3316 | Temple   | Entered the Ecumenical Temple
  3334 | Temple   | Became a worshipper of Cheibriados the Contemplative
  3515 | D:6      | Reached XP level 9. HP: 25/44 MP: 20/22
  3546 | D:6      | Found a runed translucent door.
  3547 | D:6      | Noticed Crazy Yiuf
  3552 | D:6      | Killed Crazy Yiuf
  3604 | D:6      | Reached skill level 9 in Spellcasting
  4290 | D:6      | Noticed Blork the orc
  4300 | D:6      | Killed Blork the orc
  4606 | D:7      | Reached * piety under Cheibriados
  4619 | D:7      | Reached skill level 10 in Spellcasting
  4647 | D:7      | Reached skill level 11 in Spellcasting
  4944 | D:7      | Reached XP level 10. HP: 42/50 MP: 26/26
  5445 | D:8      | Found a transporter.
  5450 | D:8      | Found a transporter.
  5451 | D:8      | Noticed Firos's ghost (novice DEFE)
  5457 | D:8      | Noticed Maggie
  5468 | D:8      | Killed Maggie
  5469 | D:8      | Reached skill level 12 in Spellcasting
  5682 | D:8      | Reached ** piety under Cheibriados
  6309 | D:8      | Found a sacrificial altar of Ru.
  6311 | D:8      | Found a glowing golden altar of the Shining One.
  6317 | D:8      | Found a blossoming altar of Fedhas.
  6318 | D:8      | Found a sparkling altar of Nemelex Xobeh.
  6320 | D:8      | Found a shimmering blue altar of Sif Muna.
  6321 | D:8      | Found a shimmering altar of Xom.
  6328 | D:8      | Found a hazy altar of Hepliaklqana.
  6329 | D:8      | Found a stormy altar of Qazlal.
  6982 | D:9      | Noticed a two-headed ogre
  6992 | D:9      | Mangled by a two-headed ogre

Illustrated notes

Levels and vault maps discovered:
D:1:      minmay_arrival_four_loops, layout_rooms, serial_shops,
          nicolae_shop_hallway_stairs, shop, nicolae_shop_crystal,
          nicolae_concentric_dashed_squares_wild, amethyst_killhole,
          minmay_hexomino_f4
D:2:      layout_loops_corners, hellmonk_ecumenical_altar_pennies_from_heaven,
          uniq_terence
D:3:      layout_basic, nrook_mini_backslash, minmay_misc_feat_tower, hex_medium
D:4:      layout_basic, uniq_sigmund
D:5:      layout_loops_ring, palyth_stone_intersect, uniq_edmund, uniq_pikel
D:6:      layout_cave_pods, minmay_temple_entry_mist, uniq_crazy_yiuf_cottage,
          uniq_blork_the_orc
D:7:      layout_rooms
D:8:      layout_basic, nicolae_overflow_hallway_of_the_gods, serial_aquarium,
          aquarium_bridge_square [aquarium_subvault_wall,
          aquarium_subvault_window, aquarium_subvault_bridge,
          aquarium_subvault_wall], aquarium_bridge_square
          [aquarium_subvault_bridge, aquarium_subvault_wall,
          aquarium_subvault_bridge, aquarium_subvault_bridge],
          aquarium_window_fake, aquarium_window_corridor_2, aquarium_window_1,
          aquarium_window_corner, aquarium_view_2b, aquarium_view_2a,
          aquarium_balcony_3a, gammafunk_ghost_hive, uniq_maggie
D:9:      layout_basic, minmay_orc_entry_temple_small, dk_noncrumbling_2
Temple:   dpeg_chambers_temple

Skill      XL: |  1  2  3  4  5  6  7  8  9 10 |
---------------+-------------------------------+-----
Ice Magic      | 4 5 7 |  7.0
Spellcasting   | 3 4 7 8 11 12 | 12.8
Dodging        | |  2.1
Stealth        | |  2.0

Action                   |  1- 3 |  4- 6 |  7- 9 | 10-12 || total
-------------------------+-------+-------+-------+-------++-------
Melee: Unarmed           |     3 |       |       |       ||     3
       Dagger            |    38 |    35 |   137 |    54 ||   264
       Peck              |     8 |     7 |    25 |    12 ||    52
       Kick              |     7 |     9 |    45 |    20 ||    81
       Punch             |       |       |     1 |       ||     1
 Cast: Freeze            |    31 |    12 |     6 |     1 ||    50
       Frozen Ramparts   |     1 |     7 |    23 |    16 ||    47
       Ozocubu's Armour  |       |     2 |    18 |    11 ||    31
Evoke: Wand              |       |       |     3 |     8 ||    11
  Use: Potion            |     1 |     1 |     4 |     4 ||    10
       Scroll            |     4 |     1 |     4 |     6 ||    15
 Stab: Sleeping          |     4 |       |     2 |       ||     6
Armor: Robe              |     9 |       |       |       ||     9
       Leather armour    |     8 |    18 |    21 |    18 ||    65
       Skin              |       |       |    14 |       ||    14
Dodge: Dodged            |    46 |    29 |    98 |    58 ||   231
